AoeStats
← tic.tac.toe

Glade

510381584Analyzed
1v1 RM · 24h ago on Sep 30, 2026· 78m 1s· 2 players
Game mode
Random Map
Map size
Tiny (2 player)
Population
200
Speed
Normal
Resources
Standard
Victory
Conquest
Starting age
Dark Age
Ending age
Imperial Age
RankedLock teamsTeams togetherTeam positionsShared explorationLock speedFull tech treeHidden civsTurbo modeCheats
Victory
Defeat
🇧🇾 Japanese · Belarus
1488
+16
🇮🇳 Bohemians · India
1490
-16
tic.tac.toe
5:04 Loom
10:43 Feudal Age
10:55 Man-at-Arms
12:21 Double-Bit Axe
16:21 Horse Collar
16:34 Gold Mining
18:48 Castle Age
20:23 Bow Saw
20:47 Heavy Plow
22:11 Fletching
24:00 Bodkin Arrow
27:04 Town Watch
32:48 Imperial Age
31:41 Fortified Wall
32:38 Wheelbarrow
32:37 Ballistics
32:23 Scale Mail Armor
32:33 Forging
32:34 Stone Mining
32:49 Guard Tower
36:49 Two-Man Saw
36:33 Kataparuto
37:47 Chemistry
36:52 Yasama
36:56 Murder Holes
37:25 Chain Mail Armor
37:41 Siege Engineers
38:14 Conscription
38:05 Capped Ram
39:51 Gold Shaft Mining
40:48 Redemption
40:59 Block Printing
42:01 Hand Cart
42:40 Hoardings
43:04 Squires
42:50 Arson
45:46 Bracer
45:46 Padded Archer Armor
45:24 Heavy Scorpion
46:21 Masonry
47:18 Elite Skirmisher
48:03 Thumb Ring
48:36 Plate Mail Armor
50:05 Chemistry
49:57 Leather Archer Armor
52:46 Iron Casting
53:07 Pikeman
54:49 Blast Furnace
54:22 Ring Archer Armor
56:52 Blast Furnace
57:14 Fervor
57:08 Elite Samurai
60:58 Scale Barding Armor
62:07 Light Cavalry
62:57 Bloodlines
63:46 Chain Barding Armor
63:37 Bloodlines
63:28 Husbandry
63:25 Halberdier
63:59 Halberdier
75:03 Town Patrol
KiwiSid
10:31 Feudal Age
12:02 Double-Bit Axe
16:42 Castle Age
15:00 Fletching
16:57 Padded Archer Armor
17:03 Loom
17:30 Bodkin Arrow
19:31 Horse Collar
24:48 Crossbowman
27:31 Bow Saw
27:14 Town Watch
28:46 Fervor
29:47 Wheelbarrow
31:15 Chemistry
30:36 Ballistics
33:51 Imperial Age
32:15 Sanctity
32:54 Leather Archer Armor
34:58 Chemistry
34:46 Bracer
35:44 Ballistics
37:48 Ring Archer Armor
37:47 Devotion
37:20 Arbalester
39:43 Conscription
41:01 Masonry
40:56 Siege Engineers
43:02 Hand Cart
43:07 Murder Holes
44:53 Wagenburg Tactics
45:56 Houfnice
47:36 Heavy Scorpion
47:39 Houfnice
49:36 Heavy Plow
50:27 Scale Barding Armor
50:33 Forging
51:10 Hussite Reforms
51:32 Chain Barding Armor
52:18 Two-Man Saw
51:14 Light Cavalry
51:55 Husbandry
53:31 Iron Casting
53:46 Devotion
54:34 Redemption
54:39 Block Printing
54:50 Illumination
55:00 Theocracy
57:37 Blast Furnace
70:30 Guilds
74:55 Scale Mail Armor
76:06 Architecture
75:36 Murder Holes
75:38 Pikeman
76:18 Squires
76:12 Halberdier
Connection lost

Rejoining the realm…

Still unreachable

The connection could not be restored.

Session expired

The server has moved on; the page needs a fresh start.